Map: Tokamak LE

Players

ManlyManMeat - Winner!

  • Race: Zerg Zerg
  • League: Diamond
  • Spawn Location: 1:00

zonk

  • Race: Protoss Protoss
  • League: Master
  • Spawn Location: 7:00

VOD

Have the link to the VOD?

Description

Time

  • Played on: July 2, 2025, 9:15 a.m.
  • Length: 3:43
Show
View Real Time Build Order
Export as new Build Order

ManlyManMeat Zerg - Winner!

Build Orders: Hatch First 

Get SALT Encoding   

  12  0:00  Drone  
  13  0:08  Drone  
  14  0:14  Extractor  
  14  0:16  Drone  
  15  0:21  Overlord  
  15  0:40  Drone  
  16  0:47  Hatchery  
  15  0:51  Drone  
  15  0:54  Drone  
  17  1:01  Drone  
  18  1:14  Extractor  
  18  1:17  Spawning Pool  
  17  1:18  Drone  
  17  1:27  Drone x2  
  19  1:43  Drone  
  20  2:04  Zergling x4  
  20  2:05  Queen  
  24  2:19  Zergling x6  
Show
View Real Time Build Order
Export as new Build Order

zonk Protoss 

Build Orders:  

Get SALT Encoding   

  12  0:01  Probe  
  13  0:13  Probe  
  14  0:25  Probe  
  14  0:26  Pylon  
  15  0:44  Probe  
  16  0:52  Forge  
  16  0:56  Probe  
  17  1:14  Probe  
  18  1:27  Pylon, Probe  
  18  1:28  Pylon  
  18  1:30  Pylon  
  19  1:35  Pylon  
  19  1:38  Pylon  
  18  1:55  Gateway  
  18  2:00  Probe  
  18  2:05  Assimilator  
  18  2:07  Assimilator  
  18  2:12  Probe  
  18  2:14  Gateway  
  19  2:24  Probe  
Tags
 
Matchup
PvZ
Replay Pack
Myownreplay2
Spawn Locations
Cross Positions
Add a new tag
Caveats
  • Supply blocks, unpowered buildings, or Contaminate may cause inaccurate times.
  • Supply counts are checked every 10 seconds.